 Dungeon Crawl Stone Soup version 0.29.0-4-gdea44cf6ec (webtiles) character file.

Game seed: 13001701549282862164

112 oldmanjim the Trooper (level 4, -2/42 HPs)
             Began as a Minotaur Fighter on Aug 27, 2022.
             Slain by an iguana (11 damage)
             ... on level 3 of the Dungeon.
             The game lasted 00:07:53 (3050 turns).

oldmanjim the Trooper (Minotaur Fighter)            Turns: 3050, Time: 00:07:54

Health: -2/42      AC:  8    Str: 23    XL:     4   Next: 63%
Magic:  3/3        EV:  9    Int:  5    God:
Gold:   172        SH:  0    Dex:  9    Spells: 3/3 levels left

rFire   . . .      SeeInvis .   a - +0 battleaxe
rCold   . . .      Faith    .   (shield currently unavailable)
rNeg    . . .      Spirit   .   j - +0 scale mail
rPois   .          Reflect  .   (helmet restricted)
rElec   .          Harm     .   (no cloak)
rCorr   .          Rampage  .   (no gloves)
Will    .....                   k - +0 pair of boots
Stlth   ..........              i - amulet of the acrobat
HPRegen 0.14/turn               (no ring)
MPRegen 0.08/turn               (no ring)

@: no status effects
A: horns 2, retaliatory headbutt
a: no special abilities


You were on level 3 of the Dungeon.
You visited 1 branch of the dungeon, and saw 4 of its levels.

You collected 172 gold pieces.

Inventory:

Hand Weapons
 a - a +0 battleaxe (weapon)
 b - a +2 vorpal shortbow
 t - a +0 war axe
 u - a +0 broad axe
Missiles
 r - 17 stones
 w - 8 poisoned darts
Armour
 c - a +0 buckler
 j - a +0 scale mail (worn)
 k - a +0 pair of boots (worn)
 l - a +0 chain mail
 q - a +0 plate armour
Jewellery
 i - an amulet of the acrobat (around neck)
 n - a ring of resist corrosion
 o - a ring of protection from cold
Scrolls
 e - 5 scrolls of identify {unknown}
 g - 6 scrolls of teleportation {unknown}
 p - a scroll of blinking {unknown}
 y - a scroll of noise {unknown}
 z - a scroll of immolation {unknown}
Potions
 d - a potion of might
 f - a potion of curing {unknown}
 h - a potion of attraction {unknown}
 m - a potion of invisibility {unknown}
 s - a potion of lignification {unknown}
 v - a potion of cancellation {unknown}
 x - a potion of experience {unknown}
 A - 2 potions of degeneration {unknown}


   Skills:
 - Level 5.0 Fighting
 + Level 4.4 Axes
 - Level 3.6 Armour
 - Level 4.1 Shields


You had 3 spell levels left.
You didn't know any spells.
Your spell library was empty.

Dungeon Overview and Level Annotations

Branches:
Dungeon (4/15)
 Temple: D:4-7

Altars:


Innate Abilities, Weirdness & Mutations

You have a pair of horns on your head.
You reflexively headbutt those who attack you in melee.


Message History

The iguana bites you.
The ball python bites you but does no damage.
The ball python constricts you.
You slash the ball python!
You kill the ball python!
You hit the iguana. The iguana barely misses you.
The orc throws a silver boomerang.
The silver boomerang hits you but does no damage.
The iguana barely misses you. The iguana barely misses you.
The orc throws a silver boomerang.
The silver boomerang barely misses you.
You climb upwards.
There is a stone staircase leading down here.
You closely miss the iguana. Your headbutt misses the iguana.
The iguana is heavily wounded.
The iguana bites you.
Unknown command.
You closely miss the iguana.
The iguana is heavily wounded.
The iguana closely misses you.
Unknown command.
You barely miss the iguana.
You headbutt the iguana, but do no damage.
The iguana is heavily wounded.
The iguana bites you but does no damage.
The iguana bites you!
Unknown command.
You are too injured to fight recklessly!
You closely miss the iguana.
The iguana is heavily wounded.
The iguana bites you.
* * * LOW HITPOINT WARNING * * *
You completely miss the iguana.
The iguana is heavily wounded.
The iguana bites you but does no damage.
The iguana barely misses you. You furiously retaliate!
You headbutt the iguana. You completely miss the iguana.
The iguana is severely wounded.
The iguana bites you!
You die...

..##.# #.......####...#.#
.....# #.......#.##...#.#
.###########<......)..†.####
...............####...#....#
........................##.#
..............#######.####.#
#..#..........# #.#....#
#..#..........#######.#^####
................@l....#.#
..............##......#.#
......#.########.###.##.#
.######.# #.........#.#
........#####.##.#.#..#.#
##.#####.......#.###..#.#
......................#.#
####.....####.#..###.##.#
##....######.....<...#


You could see an iguana.

Vanquished Creatures
  3 adders
  2 worms
  2 dart slugs (D:2)
  2 orcs (D:4)
  7 ball pythons
  7 endoplasms
  5 giant cockroaches
  10 hobgoblins
  6 jackals
  2 quokkas
  5 bats
  3 frilled lizards
  3 goblins
  5 kobolds
  7 rats
69 creatures vanquished.

Notes
Turn   | Place    | Note
-------+----------+-------------------------------------------
     0 | D:1      | oldmanjim the Minotaur Fighter began the quest for the Orb.
     0 | D:1      | Reached XP level 1. HP: 19/19 MP: 0/0
   144 | D:1      | Reached XP level 2. HP: 27/27 MP: 1/1
   364 | D:1      | Reached skill level 4 in Fighting
  1411 | D:2      | Reached XP level 3. HP: 29/33 MP: 2/2
  1457 | D:2      | Found a faded altar of an unknown god.
  1894 | D:2      | Reached XP level 4. HP: 41/41 MP: 3/3
  2770 | D:3      | Reached skill level 5 in Fighting
  3050 | D:3      | Slain by an iguana

Illustrated notes

Levels and vault maps discovered:
D:1:      sevenhm_arrival_forest_fort_large_4, layout_loops_corners,
          minivault_24, chequers_serial_rivers_micro_b
D:2:      layout_loops_ring, ebering_ecumenical_altar_sacrificial
D:3:      layout_basic
D:4:      layout_rooms, nicolae_wu_jian_wuxing_cycle

Skill      XL: |  1  2  3  4 |
---------------+-------------+-----
Fighting       | 4 5 |  5.0
Axes           | 3 4 |  4.4
Shields        | 4 |  4.1
Armour         | |  3.6

Action                   |  1- 3 |  4- 6 || total
-------------------------+-------+-------++-------
Melee: War axe           |    75 |    19 ||    94
       Headbutt          |     6 |     7 ||    13
       Battleaxe         |       |    18 ||    18
 Fire: Shortbow          |     2 |    21 ||    23
Armor: Scale mail        |    33 |    21 ||    54
Dodge: Dodged            |    37 |    32 ||    69
Block: Buckler           |    14 |       ||    14
